TOP OF THE 1ST |
Tri-City ValleyCats batting - Pitching for Los Angeles (NYP) Angels : LHP Si-hun Yi
|
Pitching: LHP Si-hun Yi
|
|
Batting: RHB Kieron Clark
|
0-0: Called Strike 0-1: Ball 1-1: Ball 2-1: Ball 3-1: Base on Balls
|
Batting: RHB Dinand Brouwer
|
0-0: Called Strike 0-1: Foul Ball, location: 2F 0-2: Ball 1-2: Strikes out swinging
|
Batting: LHB Bruce Arvizu
|
0-0: Ball 1-0: Ball 2-0: Called Strike 2-1: Foul Ball, location: 2F 2-2: Strikes out swinging
|
Batting: RHB Erik Smith
|
0-0: Called Strike 0-1: Ball 1-1: Foul Ball, location: 2F 1-2: Strikes out swinging
|
Top of the 1st over - 0 runs, 0 hits, 0 errors, 1 left on base; Tri-City 0 - Los Angeles (NYP) 0 |
BOTTOM OF THE 1ST |
Los Angeles (NYP) Angels batting - Pitching for Tri-City ValleyCats : LHP Frank Vazquez
|
Pitching: LHP Frank Vazquez
|
|
Batting: RHB Dan Myers
|
0-0: Called Strike 0-1: Ball 1-1: Called Strike 1-2: Ball 2-2: Foul Ball, location: 2F 2-2: Fly out, F3 (Line Drive, 34, EV 73.1 MPH)
|
Batting: RHB Rory Cobb
|
0-0: Ball 1-0: Ball 2-0: Called Strike 2-1: Foul Ball, location: 2F 2-2: Ground out 6-3 (Groundball, 6, EV 88.8 MPH)
|
Batting: RHB Kyle Gray
|
0-0: Ball 1-0: Ball 2-0: Called Strike 2-1: Foul Ball, location: 2F 2-2: Ball 3-2: Base on Balls
|
Batting: RHB Dan Burkhart
|
0-0: Ball 1-0: DOUBLE (Groundball, 5L, EV 103.1 MPH) Kyle Gray to third Runner from 3rd tries for Home, SAFE, throw by LF to home
|
Batting: RHB Sean Rocha
|
0-0: Ball 1-0: Swinging Strike 1-1: Ball 2-1: Foul Ball, location: 2F 2-2: Strikes out swinging
|
Bottom of the 1st over - 1 run, 1 hit, 0 errors, 1 left on base; Tri-City 0 - Los Angeles (NYP) 1 |
TOP OF THE 2ND |
Tri-City ValleyCats batting - Pitching for Los Angeles (NYP) Angels : LHP Si-hun Yi
|
Batting: LHB Aldo Kok
|
0-0: Foul Ball, location: 2F 0-1: Ball 1-1: Swinging Strike 1-2: SINGLE (Groundball, 34D, EV 109.4 MPH)
|
Batting: RHB Alex Campos
|
0-0: Ball Wild Pitch! Aldo Kok to second 1-0: Called Strike 1-1: Called Strike 1-2: Ball Wild Pitch! Aldo Kok to third 2-2: Fly out, F7 (Flyball, 7, EV 92.5 MPH)
|
Batting: SHB Sean Hill
|
0-0: Ball 1-0: Ball 2-0: Ball 3-0: Base on Balls
|
Batting: RHB Jamie Youngs
|
0-0: Called Strike 0-1: Called Strike 0-2: Ball 1-2: Foul Ball, location: 2F 1-2: Foul Ball, location: 2F 1-2: SINGLE (Groundball, 56S, EV 68.1 MPH) (infield hit) Aldo Kok scores Sean Hill to second
|
Batting: LHB Bob Govella
|
0-0: Swinging Strike 0-1: Fielders Choice at 2nd, 3-6 (Groundball, 34, EV 90.0 MPH) Sean Hill to third
|
Batting: RHB Kieron Clark
|
0-0: Fly out, F3 (Popup, 3SF, EV 85.0 MPH)
|
Top of the 2nd over - 1 run, 2 hits, 0 errors, 2 left on base; Tri-City 1 - Los Angeles (NYP) 1 |
BOTTOM OF THE 2ND |
Los Angeles (NYP) Angels batting - Pitching for Tri-City ValleyCats : LHP Frank Vazquez
|
Batting: LHB Spencer Palmer
|
0-0: Ball 1-0: Swinging Strike 1-1: Fly out, F1 (Line Drive, P, EV 68.8 MPH)
|
Batting: RHB David Rhodes
|
0-0: Called Strike 0-1: Foul Ball, location: 2F 0-2: Foul Ball, location: 2F 0-2: Foul Ball, location: 2F 0-2: Ground out 1-3 (Groundball, 13, EV 70.6 MPH)
|
Batting: LHB Alberto Carrillo
|
0-0: Ball 1-0: Foul Ball, location: 2F 1-1: Ball 2-1: Called Strike 2-2: Ball 3-2: Fly out, F9 (Flyball, 89S, EV 84.4 MPH)
|
Bottom of the 2nd over - 0 runs, 0 hits, 0 errors, 0 left on base; Tri-City 1 - Los Angeles (NYP) 1 |
TOP OF THE 3RD |
Tri-City ValleyCats batting - Pitching for Los Angeles (NYP) Angels : LHP Si-hun Yi
|
Batting: RHB Dinand Brouwer
|
0-0: Foul Ball, location: 2F 0-1: Ball 1-1: Ball 2-1: Ball 3-1: Base on Balls
|
Batting: LHB Bruce Arvizu
|
0-0: Ball 1-0: 2-RUN HOME RUN (Flyball, 89XD, EV 108.8 MPH), Distance : 434 ft
|
Batting: RHB Erik Smith
|
0-0: Ball 1-0: Called Strike 1-1: Called Strike 1-2: Strikes out swinging
|
Batting: LHB Aldo Kok
|
0-0: Ball 1-0: Called Strike 1-1: Ball 2-1: Fly out, F9 (Flyball, 9, EV 91.9 MPH)
|
Batting: RHB Alex Campos
|
0-0: Swinging Strike 0-1: Swinging Strike 0-2: Ball 1-2: Strikes out looking
|
Top of the 3rd over - 2 runs, 1 hit, 0 errors, 0 left on base; Tri-City 3 - Los Angeles (NYP) 1 |
BOTTOM OF THE 3RD |
Los Angeles (NYP) Angels batting - Pitching for Tri-City ValleyCats : LHP Frank Vazquez
|
Batting: RHB Ron Major
|
0-0: Ball 1-0: Called Strike 1-1: SINGLE (Groundball, 4MD, EV 106.2 MPH)
|
Batting: RHB Dan Myers
|
0-0: Ball 1-0: Ball 2-0: Foul Ball, location: 2F 2-1: Ball 3-1: Base on Balls Ron Major to second
|
Batting: RHB Rory Cobb
|
0-0: Ball 1-0: Fielders Choice at 2nd, 4-6 (Groundball, 4, EV 85.6 MPH) Ron Major to third
|
Batting: RHB Kyle Gray
|
0-0: Called Strike 0-1: Ball 1-1: Ball 2-1: Foul Ball, location: 2F 2-2: Ball 3-2: Strikes out swinging
|
Batting: RHB Dan Burkhart
|
0-0: Swinging Strike 0-1: Ball Wild Pitch! Ron Major scores Rory Cobb to second 1-1: Foul Ball, location: 2F 1-2: Ball 2-2: Ball 3-2: Strikes out swinging
|
Bottom of the 3rd over - 1 run, 1 hit, 0 errors, 1 left on base; Tri-City 3 - Los Angeles (NYP) 2 |
TOP OF THE 4TH |
Tri-City ValleyCats batting - Pitching for Los Angeles (NYP) Angels : LHP Si-hun Yi
|
Batting: SHB Sean Hill
|
0-0: Swinging Strike 0-1: Swinging Strike 0-2: Ball 1-2: Strikes out looking
|
Batting: RHB Jamie Youngs
|
0-0: Swinging Strike 0-1: Called Strike 0-2: Ball 1-2: Ball 2-2: Foul Ball, location: 2F 2-2: Foul Ball, location: 2F 2-2: Fly out, F7 (Flyball, 7D, EV 101.2 MPH)
|
Batting: LHB Bob Govella
|
0-0: Called Strike 0-1: Swinging Strike 0-2: Ball 1-2: Strikes out swinging
|
Top of the 4th over - 0 runs, 0 hits, 0 errors, 0 left on base; Tri-City 3 - Los Angeles (NYP) 2 |
BOTTOM OF THE 4TH |
Los Angeles (NYP) Angels batting - Pitching for Tri-City ValleyCats : LHP Frank Vazquez
|
Batting: RHB Sean Rocha
|
0-0: Foul Ball, location: 2F 0-1: Ball 1-1: Ball 2-1: SINGLE (Line Drive, 7S, EV 110.0 MPH)
|
Batting: LHB Spencer Palmer
|
0-0: Ball 1-0: Ball 2-0: Ball 3-0: Called Strike 3-1: Base on Balls Sean Rocha to second
|
Batting: RHB David Rhodes
|
0-0: Ball 1-0: Foul Ball, location: 2F 1-1: Ball 2-1: Foul Ball, location: 2F 2-2: Strikes out swinging
|
Batting: LHB Alberto Carrillo
|
0-0: Called Strike 0-1: Foul Ball, location: 2F 0-2: Ball 1-2: Ball 2-2: SINGLE (Groundball, 34, EV 100.6 MPH) Sean Rocha to third Spencer Palmer to second Runner from 3rd tries for Home, throw by RF and OUT! 9-2
|
Batting: RHB Ron Major
|
0-0: Fielders Choice at 2nd, 6-4 (Groundball, 6, EV 81.9 MPH)
|
Bottom of the 4th over - 0 runs, 2 hits, 0 errors, 2 left on base; Tri-City 3 - Los Angeles (NYP) 2 |
TOP OF THE 5TH |
Tri-City ValleyCats batting - Pitching for Los Angeles (NYP) Angels : LHP Si-hun Yi
|
Batting: RHB Kieron Clark
|
0-0: Called Strike 0-1: Called Strike 0-2: Ball 1-2: Ball 2-2: Foul Ball, location: 2F 2-2: SINGLE (Flyball, 5D, EV 90.0 MPH)
|
Pitching: RHP Arnold Frye
|
|
Batting: RHB Dinand Brouwer
|
0-0: Swinging Strike 0-1: Ball 1-1: Ball 2-1: Ball 3-1: Fly out, F8 (Line Drive, 8RD, EV 92.5 MPH)
|
Batting: LHB Bruce Arvizu
|
0-0: Ball 1-0: Ball 2-0: Ball 3-0: Base on Balls Kieron Clark to second
|
Batting: RHB Erik Smith
|
0-0: Called Strike 0-1: Foul Ball, location: 2F 0-2: Strikes out swinging
|
Batting: LHB Aldo Kok
|
0-0: Ball 1-0: Foul Ball, location: 2F 1-1: Foul Ball, location: 2F 1-2: Ball 2-2: Foul Ball, location: 2F 2-2: Ball 3-2: Base on Balls Kieron Clark to third Bruce Arvizu to second
|
Batting: RHB Alex Campos
|
0-0: Fielders Choice at 2nd, 5-4 (Groundball, 56, EV 85.6 MPH)
|
Top of the 5th over - 0 runs, 1 hit, 0 errors, 3 left on base; Tri-City 3 - Los Angeles (NYP) 2 |
BOTTOM OF THE 5TH |
Los Angeles (NYP) Angels batting - Pitching for Tri-City ValleyCats : LHP Frank Vazquez
|
Batting: RHB Dan Myers
|
0-0: Ball 1-0: Called Strike 1-1: Swinging Strike 1-2: Strikes out swinging
|
Batting: RHB Rory Cobb
|
0-0: Ball 1-0: Ground out 4-3 (Groundball, 4, EV 85.6 MPH)
|
Batting: RHB Kyle Gray
|
0-0: Called Strike 0-1: Ball 1-1: Swinging Strike 1-2: Ball 2-2: Ground out 5-3 (Groundball, 56, EV 81.9 MPH)
|
Bottom of the 5th over - 0 runs, 0 hits, 0 errors, 0 left on base; Tri-City 3 - Los Angeles (NYP) 2 |
TOP OF THE 6TH |
Tri-City ValleyCats batting - Pitching for Los Angeles (NYP) Angels : RHP Arnold Frye
|
Batting: SHB Sean Hill
|
0-0: Ball 1-0: Called Strike 1-1: Ball 2-1: Ball 3-1: Base on Balls
|
Pitching: RHP Kunihiro Sasaki
|
|
Batting: RHB Jamie Youngs
|
0-0: Ball 1-0: Foul Ball, location: 2F 1-1: Ball Balk! Sean Hill to second 2-1: Foul Ball, location: 2F 2-2: Foul Ball, location: 2F 2-2: Foul Ball, location: 2F 2-2: Foul Ball, location: 2F 2-2: Ball 3-2: Ground out U3 (Groundball, 34, EV 86.2 MPH) Sean Hill to third
|
Batting: LHB Bob Govella
|
0-0: Called Strike 0-1: Fly out, F8 (Flyball, 78M, EV 90.0 MPH)
|
Batting: RHB Kieron Clark
|
0-0: Ball 1-0: Ball 2-0: Called Strike 2-1: Foul Ball, location: 2F 2-2: Ball 3-2: Base on Balls
|
Batting: RHB Dinand Brouwer
|
0-0: Fly out, F8 (Flyball, 8LXD, EV 87.5 MPH)
|
Top of the 6th over - 0 runs, 0 hits, 0 errors, 2 left on base; Tri-City 3 - Los Angeles (NYP) 2 |
BOTTOM OF THE 6TH |
Los Angeles (NYP) Angels batting - Pitching for Tri-City ValleyCats : LHP Frank Vazquez
|
Batting: RHB Dan Burkhart
|
0-0: Called Strike 0-1: Ball 1-1: Ground out 5-3 (Groundball, 15, EV 81.9 MPH)
|
Batting: RHB Sean Rocha
|
0-0: Called Strike 0-1: Foul Ball, location: 2F 0-2: SINGLE (Groundball, P, EV 87.5 MPH) (infield hit)
|
Batting: LHB Spencer Palmer
|
0-0: Called Strike Sean Rocha steals 2nd base 0-1: Ball 1-1: Foul Ball, location: 2F 1-2: Ground out U3 (Groundball, 3, EV 105.0 MPH) Sean Rocha to third
|
Batting: RHB David Rhodes
|
0-0: Fly out, F7 (Flyball, 7D, EV 103.1 MPH)
|
Bottom of the 6th over - 0 runs, 1 hit, 0 errors, 1 left on base; Tri-City 3 - Los Angeles (NYP) 2 |
TOP OF THE 7TH |
Tri-City ValleyCats batting - Pitching for Los Angeles (NYP) Angels : RHP Kunihiro Sasaki
|
Batting: LHB Bruce Arvizu
|
0-0: Ball 1-0: Foul Ball, location: 2F 1-1: Foul Ball, location: 2F 1-2: Foul Ball, location: 2F 1-2: Ball 2-2: Ground out 3-1 (Groundball, 13, EV 86.2 MPH)
|
Pitching: LHP Yee Koh
|
|
Batting: RHB Erik Smith
|
0-0: Ball 1-0: Foul Ball, location: 2F 1-1: Foul Ball, location: 2F 1-2: Foul Ball, location: 2F 1-2: Foul Ball, location: 2F 1-2: Foul Ball, location: 2F 1-2: Strikes out swinging
|
Batting: LHB Aldo Kok
|
0-0: Ground out U3 (Groundball, 13, EV 88.1 MPH)
|
Top of the 7th over - 0 runs, 0 hits, 0 errors, 0 left on base; Tri-City 3 - Los Angeles (NYP) 2 |
BOTTOM OF THE 7TH |
Los Angeles (NYP) Angels batting - Pitching for Tri-City ValleyCats : LHP Frank Vazquez
|
Batting: LHB Alberto Carrillo
|
0-0: Swinging Strike 0-1: Ball 1-1: SINGLE (Groundball, P, EV 83.1 MPH) (infield hit)
|
Pitching: RHP Addick Huiberts
|
|
Batting: RHB Ron Major
|
0-0: Ball 1-0: Called Strike 1-1: Foul Ball, location: 2F 1-2: Foul Ball, location: 2F 1-2: Grounds into double play, 5-4-3 (Groundball, 56, EV 115.6 MPH)
|
Batting: RHB Dan Myers
|
0-0: Ground out 4-3 (Groundball, 4, EV 84.4 MPH)
|
Bottom of the 7th over - 0 runs, 1 hit, 0 errors, 0 left on base; Tri-City 3 - Los Angeles (NYP) 2 |
TOP OF THE 8TH |
Tri-City ValleyCats batting - Pitching for Los Angeles (NYP) Angels : LHP Yee Koh
|
Batting: RHB Alex Campos
|
0-0: Ball 1-0: Ground out 6-3 (Groundball, 6, EV 96.9 MPH)
|
Batting: SHB Sean Hill
|
0-0: Ball 1-0: Ball 2-0: Ball 3-0: Called Strike 3-1: Swinging Strike 3-2: Base on Balls
|
Batting: RHB Jamie Youngs
|
0-0: Foul Ball, location: 2F 0-1: Fly out, F3 (Popup, 23F, EV 86.9 MPH)
|
Batting: LHB Bob Govella
|
0-0: Called Strike Sean Hill steals 2nd, throwing error, E2 Sean Hill to third 0-1: Called Strike 0-2: Foul Ball, location: 2F 0-2: Ball 1-2: Strikes out swinging
|
Top of the 8th over - 0 runs, 0 hits, 1 error, 1 left on base; Tri-City 3 - Los Angeles (NYP) 2 |
BOTTOM OF THE 8TH |
Los Angeles (NYP) Angels batting - Pitching for Tri-City ValleyCats : RHP Addick Huiberts
|
Batting: RHB Rory Cobb
|
0-0: Ball 1-0: Called Strike 1-1: Fly out, F7 (Flyball, 7, EV 80.6 MPH)
|
Batting: RHB Kyle Gray
|
0-0: Foul Ball, location: 2F 0-1: Called Strike 0-2: SINGLE (Groundball, 6MD, EV 101.2 MPH)
|
Batting: RHB Dan Burkhart
|
0-0: Ball 1-0: Called Strike 1-1: Foul Ball, location: 2F 1-2: Fly out, F8 (Flyball, 8LXD, EV 110.0 MPH)
|
Batting: RHB Sean Rocha
|
0-0: Swinging Strike 0-1: Ball 1-1: Ball 2-1: Foul Ball, location: 2F 2-2: SINGLE (Line Drive, 3D, EV 99.4 MPH) Kyle Gray to second Runner from 2nd tries for 3rd, SAFE, throw by RF made to third
|
Batting: LHB Spencer Palmer
|
0-0: Foul Ball, location: 2F 0-1: Swinging Strike 0-2: Ball 1-2: Strikes out swinging
|
Bottom of the 8th over - 0 runs, 2 hits, 0 errors, 2 left on base; Tri-City 3 - Los Angeles (NYP) 2 |
TOP OF THE 9TH |
Tri-City ValleyCats batting - Pitching for Los Angeles (NYP) Angels : LHP Yee Koh
|
Batting: RHB Kieron Clark
|
0-0: Ball 1-0: Called Strike 1-1: Swinging Strike 1-2: Ball 2-2: Foul Ball, location: 2F 2-2: Foul Ball, location: 2F 2-2: Strikes out swinging
|
Batting: RHB Dinand Brouwer
|
0-0: SINGLE (Groundball, 56S, EV 71.9 MPH) (infield hit)
|
Batting: LHB Bruce Arvizu
|
0-0: Foul Ball, location: 2F 0-1: Foul Ball, location: 2F 0-2: Strikes out swinging
|
Batting: RHB Erik Smith
|
0-0: Called Strike 0-1: SINGLE (Line Drive, 9LS, EV 102.5 MPH) Dinand Brouwer to second
|
Batting: LHB Aldo Kok
|
0-0: Called Strike 0-1: Foul Ball, location: 2F 0-2: Fly out, F9 (Flyball, 89M, EV 92.5 MPH)
|
Top of the 9th over - 0 runs, 2 hits, 0 errors, 2 left on base; Tri-City 3 - Los Angeles (NYP) 2 |
BOTTOM OF THE 9TH |
Los Angeles (NYP) Angels batting - Pitching for Tri-City ValleyCats : RHP Addick Huiberts
|
Pitching: RHP Ryan Hoagland
|
|
Now at 1B: Aldo Kok
|
|
Now in LF: Omar Marquez
|
|
Pinch Hitting: LHB Matthew Bale
|
0-0: Ground out 4-3 (Groundball, 34, EV 98.8 MPH)
|
Batting: LHB Alberto Carrillo
|
0-0: Called Strike 0-1: Swinging Strike 0-2: Ground out 4-3 (Groundball, 4, EV 101.9 MPH)
|
Pinch Hitting: LHB Jamie Diebel
|
0-0: Called Strike 0-1: Ball 1-1: Swinging Strike 1-2: Ground out 5-3 (Groundball, 5L, EV 106.2 MPH)
|
Bottom of the 9th over - 0 runs, 0 hits, 0 errors, 0 left on base; Tri-City 3 - Los Angeles (NYP) 2 |
|